 Dungeon Crawl Stone Soup version 0.20-a0-1000-g0e8f6bb (console) character file.

74759 vuev the Eclecticist (level 15, -6/76 HPs)
             Began as a Deep Elf Conjurer on Apr 12, 2017.
             Was a High Priest of Vehumet.
             Killed from afar by a shock serpent (8 damage)
             ... with an electric aura
             ... on level 1 of the Snake Pit.
             The game lasted 01:03:58 (25302 turns).

vuev the Eclecticist (Deep Elf Conjurer)           Turns: 25302, Time: 01:04:06

Health: -6/76      AC:  8    Str:  5    XL:     15   Next: 7%
Magic:  34/48      EV: 17    Int: 30    God:    Vehumet [*****.]
Gold:   1606       SH:  0    Dex: 19    Spells: 12/51 levels left

rFire    + . .     SeeInvis .   L - +4 mace {flame, rC+ Str-3 Int+6}
rCold    . . .     Gourm    .   (no shield)
rNeg     . . .     Faith    .   H - +2 robe {MR+}
rPois    .         Spirit   .   (no helmet)
rElec    .         Reflect  .   N - +0 cloak
rCorr    .         Harm     .   y - +0 pair of gloves {archery}
MR       ++...                  U - +1 pair of boots
Stlth    ++........             (no amulet)
Regen    0.3/turn               z - ring of magical power
MPRegen  0.4/turn               Y - ring of fire

@: no status effects
A: agile 2, MP-powered wands
a: Renounce Religion


You were on level 1 of the Snake Pit.
You worshipped Vehumet.
Vehumet was extremely pleased with you.
You were not hungry.

You visited 5 branches of the dungeon, and saw 21 of its levels.
You also visited: Ice Cave.

You collected 2441 gold pieces.
You spent 835 gold pieces at shops.

Inventory:

Hand Weapons
 K - the +10 mace "Killer Klown's Death" {flame, rF++ rC+ MR+ Int-4}
   (You found it on level 6 of the Dungeon)

   It has been specially enchanted to burn those struck by it, causing extra
   injury to most foes and up to half again as much damage against particularly
   susceptible opponents.
   It affects your intelligence (-4).
   It greatly protects you from fire.
   It protects you from cold.
   It affects your resistance to hostile enchantments.
 L - the +4 mace of Truncation (weapon) {flame, rC+ Str-3 Int+6}
   (You found it on level 6 of the Dungeon)

   It has been specially enchanted to burn those struck by it, causing extra
   injury to most foes and up to half again as much damage against particularly
   susceptible opponents.
   It affects your strength (-3).
   It affects your intelligence (+6).
   It protects you from cold.
Armour
 y - a +0 pair of gloves of archery (worn)
 H - a +2 robe of magic resistance (worn)
 N - a +0 cloak (worn)
 U - a +1 pair of boots (worn)
Jewellery
 h - an uncursed amulet of the gourmand
 m - an uncursed amulet of regeneration
 u - an uncursed ring of protection from fire
 z - a ring of magical power (left hand)
 B - an uncursed ring of protection from cold
 Y - a ring of fire (right hand)
Wands
 g - a wand of disintegration (9/24)
 t - a wand of enslavement (8/24)
 D - a wand of polymorph (9/24)
 F - a wand of iceblast (8/15)
 M - a wand of confusion (28/48)
 R - a wand of confusion (31/48)
 T - a wand of digging (19/24)
 V - a wand of scattershot (4/9)
Scrolls
 d - 2 scrolls of amnesia
 f - 6 scrolls of fog
 i - 20 scrolls of identify
 k - 13 scrolls of remove curse
 o - 11 scrolls of teleportation
 p - 3 scrolls of blinking
 s - 5 scrolls of enchant armour
 w - 3 scrolls of recharging
 x - 4 scrolls of enchant weapon
 G - 2 scrolls of magic mapping
Potions
 e - a potion of flight
 j - 5 potions of heal wounds
 q - 3 potions of agility
 r - 5 potions of brilliance
 v - 4 potions of curing
 J - a potion of magic
 Q - 4 potions of haste
 S - 2 potions of ambrosia
 W - a potion of might
 X - 2 potions of invisibility
Books
 a - a book of Maledictions

   Spells                             Type                      Level
   a - Corona                         Hexes                        1
   b - Ensorcelled Hibernation        Hexes/Ice                    2
   c - Confuse                        Hexes                        3
   d - Tukima's Dance                 Hexes                        3
   e - Dazzling Spray                 Conjuration/Hexes            3
 b - a book of Conjurations

   Spells                             Type                      Level
   a - Magic Dart                     Conjuration                  1
   b - Searing Ray                    Conjuration                  2
   c - Dazzling Spray                 Conjuration/Hexes            3
   d - Fulminant Prism                Conjuration/Hexes            4
   e - Force Lance                    Conjuration/Translocation    4
   f - Iskenderun's Mystic Blast      Conjuration                  4
 n - a book of Misfortune

   Spells                             Type                      Level
   a - Confusing Touch                Hexes                        1
   b - Confuse                        Hexes                        3
   c - Gell's Gravitas                Translocation                3
   d - Petrify                        Transmutation/Earth          4
   e - Metabolic Englaciation         Hexes/Ice                    5
   f - Yara's Violent Unravelling     Hexes/Transmutation          5
 A - a book of Debilitation

   Spells                             Type                      Level
   a - Corona                         Hexes                        1
   b - Slow                           Hexes                        2
   c - Inner Flame                    Hexes/Fire                   3
   d - Portal Projectile              Hexes/Translocation          3
   e - Cause Fear                     Hexes                        4
   f - Leda's Liquefaction            Hexes/Earth                  4
 O - Faosom's Reference Book on Evil Venom
   (You found it on level 7 of the Dungeon)

   Spells                             Type                      Level
   a - Venom Bolt                     Conjuration/Poison           5
   b - Alistair's Intoxication        Transmutation/Poison         5
   c - Death Channel                  Necromancy                   6
 P - a book of Battle

   Spells                             Type                      Level
   a - Infusion                       Charms                       1
   b - Shroud of Golubria             Charms/Translocation         2
   c - Song of Slaying                Charms                       2
   d - Spectral Weapon                Hexes/Charms                 3
   e - Regeneration                   Charms/Necromancy            3
 Z - a book of Fire

   Spells                             Type                      Level
   a - Ignite Poison                  Fire/Transmutation/Poison    3
   b - Fireball                       Conjuration/Fire             5
   c - Bolt of Fire                   Conjuration/Fire             6
   d - Ring of Flames                 Charms/Fire                  7
   e - Ignition                       Fire                         8
Comestibles
 c - 11 bread rations
 l - 19 royal jellies
 E - 7 meat rations


   Skills:
 + Level 2.6 Fighting
 + Level 6.5 Dodging
 - Level 2.4 Stealth
 + Level 18.5 Spellcasting
 + Level 17.2 Conjurations
 - Level 0.3 Hexes
 - Level 0.8 Charms
 * Level 15.1 Fire Magic


You had 12 spell levels left.
You knew the following spells:

 Your Spells              Type           Power        Failure   Level  Hunger
a - Magic Dart            Conj           ####         0%          1    None
b - Fireball              Conj/Fire      ########..   1%          5    None
d - Bolt of Fire          Conj/Fire      ########..   1%          6    None
e - Iskenderun's Mystic   Conj           #######.     0%          4    None
f - Force Lance           Conj/Tloc      ######..     1%          4    None
i - Ignition              Fire           ########..   5%          8    #####..
p - Fulminant Prism       Conj/Hex       ######....   1%          4    None
r - Searing Ray           Conj           ######       0%          2    None
t - Iskenderun's Battles  Conj/Chrm      ######..     1%          5    None


Dungeon Overview and Level Annotations

Branches:
Dungeon (11/15)            Temple (1/1) D:5            Lair (6/6) D:11
  Swamp (0/4) Lair:4        Snake (1/4) Lair:2        Slime (0/5) Lair:5
    Orc (2/2) D:10            Elf (0/3) Orc:2

Altars:
Ashenzari
Cheibriados
Dithmenos
Elyvilon
Fedhas
Gozag
Hepliaklqana
Makhleb
Nemelex Xobeh
Okawaru
Qazlal
Ru
Sif Muna
Trog
Uskayaw
Vehumet
Wu Jian
Xom
Yredelemnul
Zin
Beogh
Jiyva

Shops:
D:4 %   D:8 :   Orc:2 *(:!

Portals:
Trove: D:11 (give +5 fire dragon scales)

Annotations:
D:2 exclusion: Jessica
Lair:2 exclusion: 4 oklob plants
Lair:5 1 runed door


Innate Abilities, Weirdness & Mutations

You are very agile. (Dex +4)
You expend magic power (3 MP) to strengthen your wands.


Message History

The shock serpent is almost dead.
The shock serpent's electric aura discharges violently, shocking you!
Your battlesphere fires!
The barrage of energy hits the shock serpent.
The shock serpent is almost dead.
The shock serpent shoots out a bolt of lightning at you!
The bolt of electricity hits you!
* * * LOW HITPOINT WARNING * * *
Casting: Bolt of Fire
Confirm with . or Enter, or press ? or * to list all spells.
Aiming: Bolt of Fire
Press: ? - help, Shift-Dir - straight line, f/p - shock serpent
Aim: a shock serpent (almost dead)
You feel a surge of power!
The bolt of fire hits the shock serpent.
You kill the shock serpent!
Vehumet accepts your kill.
You feel your power returning.
The air sparks with electricity, shocking you!
You die...

#. #.## #.##. .
#.... $## #....
..###
....##...#
#.#..*..##
###..!.....####
#......@.......
#...#........##
....#
#.......... .#.
#......[##.
#..........
#..<....##.
#..........
......#######
########


You could see a friendly battlesphere.

Vanquished Creatures
  An orc warlord (Orc:2)
  The ghost of Soeti the Severer, a journeyman DsFi of Trog (Lair:4)
  An ice dragon (Lair:2)
  Harold (Lair:1)
  9 hydras
  Erica (Orc:1)
  The ghost of North the Zephyrmancer, a journeyman TeAE of Sif Muna (Lair:1)
  8 two-headed ogres (Orc:2)
  2 ogre magi (Orc:2)
  5 death yaks (Lair:5)
  A shock serpent (Snake:1)
  2 deep trolls (Orc:2)
  An unseen horror (D:10)
  A necromancer (IceCv)
  An orc knight (Orc:2)
  2 manticores (Lair:2)
  3 cyclopes
  3 orc sorcerers (Orc:2)
  2 ugly things (D:10)
  9 elephants
  3 black mambas
  Joseph (Lair:1)
  2 centaur zombies (D:11)
  3 ice statues
  15 spiny frogs
  A torpor snail (Lair:5)
  4 komodo dragons
  8 ice devils (IceCv)
  2 kobold demonologists (D:11)
  A rime drake (Lair:5)
  3 polar bears (Lair:2)
  2 hornets (D:8)
  8 trolls
  6 blink frogs (Lair:2)
  9 dream sheep
  Sigmund (D:6)
  8 hippogriffs
  3 wyverns
  3 hogs (D:7)
  A human (D:7)
  7 basilisks
  45 yaks
  5 vampire mosquitoes (Lair:4)
  2 steam dragons
  2 hungry ghosts
  2 wargs
  6 nagas (Lair:2)
  20 water moccasins
  10 porcupines
  3 black bears
  15 orc warriors
  5 ice beasts
  Duvessa (D:4)
  3 sky beasts
  12 wolves (Lair:2)
  25 ogres
  7 centaurs
  10 crocodiles
  3 big kobolds
  11 bullfrogs
  4 scorpions
  Dowan (D:4)
  41 killer bees
  4 wights (D:8)
  A howler monkey (D:5)
  4 crimson imps
  2 bullfrog zombies
  A quasit (D:9)
  2 draconian simulacra (IceCv)
  11 hounds
  Crazy Yiuf (D:6)
  13 orc priests
  3 bullfrog skeletons
  3 jellies
  24 orc wizards
  3 iguanas
  Jessica (D:2)
  4 centaur skeletons
  9 worker ants
  Terence (D:2)
  A killer bee zombie (D:7)
  A spriggan simulacrum (IceCv)
  3 centaur simulacra (IceCv)
  2 hound skeletons
  A mummy (D:5)
  A howler monkey zombie (D:8)
  12 gnolls
  2 worker ant zombies
  11 adders
  3 naga simulacra (IceCv)
  An ogre simulacrum (IceCv)
  3 shadow imps
  13 white imps
  3 oozes
  An adder skeleton (D:8)
  5 worms
  3 dart slugs
  7 leopard geckos
  94 orcs
  3 giant cockroaches
  3 hobgoblins
  7 jackals
  5 quokkas
  A ball python (D:6)
  4 bats
  4 frilled lizards
  11 goblins
  2 goblin zombies (D:5)
  A jackal skeleton (D:5)
  19 kobolds
  A leopard gecko zombie (D:8)
  2 quokka skeletons (D:4)
  7 rats
  2 bushes (Lair:5)
  4 fulminant prisms
  6 fungi
  4 plants
719 creatures vanquished.

Vanquished Creatures (others)
  An ice beast (D:7)
  An ogre (D:7)
  2 jackals (D:7)
  62 fulminant prisms
  12 fungi
  12 plants
90 creatures vanquished.

Grand Total: 809 creatures vanquished

Notes
Turn   | Place    | Note
-------+----------+-------------------------------------------
     0 | D:1      | vuev the Deep Elf Conjurer began the quest for the Orb.
     0 | D:1      | Reached XP level 1. HP: 10/10 MP: 6/6
   294 | D:1      | Reached XP level 2. HP: 15/15 MP: 5/8
   441 | D:1      | Reached skill level 5 in Conjurations
   557 | D:1      | Learned a level 2 spell: Searing Ray
   952 | D:2      | Noticed Terence
   969 | D:2      | Reached XP level 3. HP: 19/19 MP: 5/9
  1076 | D:2      | Noticed Jessica
  1752 | D:2      | Reached XP level 4. HP: 24/24 MP: 7/11
  2089 | D:2      | Killed Terence
  2089 | D:2      | Reached skill level 4 in Spellcasting
  2222 | D:2      | Killed Jessica
  2417 | D:3      | Reached XP level 5. HP: 28/28 MP: 8/13
  2423 | D:3      | Noticed a centaur
  2438 | D:3      | Killed a centaur
  2846 | D:3      | Reached skill level 5 in Spellcasting
  3313 | D:3      | Reached XP level 6. HP: 29/32 MP: 11/15
  3720 | D:4      | Found Gasmiss's Food Boutique.
  3796 | D:4      | Found a sacrificial altar of Ru.
  3870 | D:4      | Reached skill level 6 in Spellcasting
  3957 | D:4      | Reached XP level 7. HP: 36/36 MP: 18/18
  4138 | D:4      | Noticed Duvessa
  4138 | D:4      | Noticed Dowan
  4142 | D:4      | Killed Dowan
  4149 | D:4      | Killed Duvessa
  4149 | D:4      | Reached skill level 7 in Spellcasting
  4447 | D:5      | Entered Level 5 of the Dungeon
  4937 | D:5      | Reached skill level 8 in Spellcasting
  5068 | D:5      | Reached XP level 8. HP: 37/42 MP: 22/22
  5269 | D:5      | Learned a level 4 spell: Iskenderun's Mystic Blast
  5274 | D:5      | Learned a level 4 spell: Force Lance
  5279 | D:5      | Learned a level 4 spell: Fulminant Prism
  5299 | D:5      | Found a staircase to the Ecumenical Temple.
  5340 | Temple   | Entered the Ecumenical Temple
  5535 | Temple   | Became a worshipper of Vehumet
  5809 | D:5      | Found a bloodstained altar of Trog.
  5922 | D:5      | Found a shimmering altar of Xom.
  6109 | D:6      | Reached skill level 9 in Spellcasting
  6436 | D:6      | Noticed Sigmund
  6463 | D:6      | Killed Sigmund
  6463 | D:6      | Reached skill level 1 in Fighting
  6590 | D:6      | Reached * piety under Vehumet
  6590 | D:6      | Offered knowledge of Shock by Vehumet.
  6776 | D:6      | Found a runed door.
  6777 | D:6      | Got an ancient mace
  6781 | D:6      | Got an ancient mace
  6782 | D:6      | Noticed Crazy Yiuf
  6784 | D:6      | Killed Crazy Yiuf
  6807 | D:6      | Identified the +10 mace "Killer Klown's Death" {flame, rF++ rC+ MR+ Int-4} (You found it on level 6 of the Dungeon)
  6808 | D:6      | Identified the +4 mace of Truncation {flame, rC+ Str-3 Int+6} (You found it on level 6 of the Dungeon)
  7139 | D:7      | Identified Faosom's Reference Book on Evil Venom
  7204 | D:7      | Found a stormy altar of Qazlal.
  7311 | D:7      | Reached skill level 10 in Conjurations
  7314 | D:7      | Reached skill level 10 in Spellcasting
  7440 | D:7      | Reached XP level 9. HP: 33/47 MP: 24/25
  7689 | D:7      | Reached skill level 5 in Dodging
  7818 | D:7      | Reached skill level 11 in Spellcasting
  7840 | D:7      | Reached ** piety under Vehumet
  8408 | D:8      | Offered knowledge of Freeze by Vehumet.
  8637 | D:8      | Reached skill level 12 in Spellcasting
  8653 | D:8      | Reached XP level 10. HP: 53/53 MP: 20/28
  8733 | D:8      | Found a sparkling altar of Nemelex Xobeh.
  8820 | D:8      | Found a hazy altar of Hepliaklqana.
  8820 | D:8      | Found an opulent altar of Gozag.
  8820 | D:8      | Found a shadowy altar of Dithmenos.
  8820 | D:8      | Found a basalt altar of Yredelemnul.
  8968 | D:8      | Found Liaph's Book Emporium.
  9000 | D:8      | Paralysed by a hornet for 2 turns
  9269 | D:8      | Offered knowledge of Inner Flame by Vehumet.
  9282 | D:8      | Learned a level 3 spell: Inner Flame
  9408 | D:8      | Reached skill level 1 in Fire Magic
  9625 | D:9      | Reached *** piety under Vehumet
 10039 | D:9      | Offered knowledge of Ignite Poison by Vehumet.
 10369 | D:9      | Reached skill level 13 in Spellcasting
 10457 | D:10     | Entered Level 10 of the Dungeon
 10615 | D:10     | Killed an unseen horror
 10776 | D:10     | Reached **** piety under Vehumet
 10813 | D:10     | Reached XP level 11. HP: 57/57 MP: 30/30
 10822 | D:10     | Offered knowledge of Airstrike by Vehumet.
 10827 | D:10     | Found a staircase to the Orcish Mines.
 10911 | D:10     | Found a roughly hewn altar of Beogh.
 11320 | D:10     | Noticed a red ugly thing
 11321 | D:10     | Noticed a red ugly thing
 11342 | D:10     | Killed a red ugly thing
 11349 | D:10     | Killed a red ugly thing
 11349 | D:10     | Reached skill level 14 in Spellcasting
 11982 | D:11     | Reached skill level 5 in Fire Magic
 12329 | D:11     | Found a staircase to the Lair.
 12416 | D:11     | Reached skill level 15 in Spellcasting
 12551 | D:11     | Found a portal to a secret trove of treasure.
 13026 | D:8      | Bought a book of Fire for 715 gold pieces
 13032 | D:8      | Learned a level 5 spell: Fireball
 13039 | D:8      | Learned a level 6 spell: Bolt of Fire
 13137 | Lair:1   | Entered Level 1 of the Lair of Beasts
 13393 | Lair:1   | Noticed Joseph
 13396 | Lair:1   | Killed Joseph
 13414 | Lair:1   | Noticed Harold
 13418 | Lair:1   | Killed Harold
 13800 | Lair:1   | Noticed North's ghost (journeyman TeAE)
 13804 | Lair:1   | Killed North's ghost
 13804 | Lair:1   | Reached XP level 12. HP: 64/64 MP: 14/33
 14373 | Lair:2   | Noticed an ice dragon
 14397 | Lair:2   | Killed an ice dragon
 14402 | Lair:2   | Reached ***** piety under Vehumet
 14572 | Lair:2   | Gained mutation: You are agile. (Dex +2) [potion of mutation]
 14572 | Lair:2   | Gained mutation: You expend magic power (3 MP) to strengthen your wands. [potion of mutation]
 14572 | Lair:2   | Gained mutation: You are very agile. (Dex +4) [potion of mutation]
 14618 | Lair:2   | Got an encrusted falchion
 14800 | Lair:3   | Offered knowledge of Lee's Rapid Deconstruction by Vehumet.
 15544 | Lair:3   | Noticed a seven-headed hydra
 15550 | Lair:3   | Killed a seven-headed hydra
 15550 | Lair:3   | Reached skill level 10 in Fire Magic
 15909 | Lair:4   | Noticed a six-headed hydra
 15909 | Lair:4   | Noticed Soeti's ghost (journeyman DsFi)
 15927 | Lair:4   | Reached skill level 15 in Conjurations
 15958 | Lair:4   | Noticed a seven-headed hydra
 15977 | Lair:4   | Killed a six-headed hydra
 15979 | Lair:4   | Killed a seven-headed hydra
 16285 | Lair:4   | Killed Soeti's ghost
 16285 | Lair:4   | Reached XP level 13. HP: 68/68 MP: 4/34
 16496 | Lair:4   | Found a staircase to the Swamp.
 17303 | Lair:5   | Reached skill level 16 in Spellcasting
 17707 | Lair:5   | Found a runed door.
 17707 | Lair:5   | Found a viscous altar of Jiyva.
 17708 | Lair:5   | Found a staircase to the Slime Pits.
 18729 | Lair:6   | Entered Level 6 of the Lair of Beasts
 19706 | Lair:6   | Identified the +5 falchion of Propriety {slice, Int+4} (You found it on level 2 of the Lair of Beasts)
 19971 | Lair:2   | Reached XP level 14. HP: 72/72 MP: 36/36
 20127 | Lair:2   | Reached skill level 17 in Spellcasting
 20399 | Lair:2   | Offered knowledge of Bolt of Cold by Vehumet.
 21900 | Lair:2   | Found a staircase to the Snake Pit.
 22012 | Orc:1    | Entered Level 1 of the Orcish Mines
 22063 | Orc:1    | Noticed Erica
 22067 | Orc:1    | Killed Erica
 22359 | Orc:2    | Entered Level 2 of the Orcish Mines
 22381 | Orc:2    | Found a frozen archway.
 22416 | Orc:2    | Offered knowledge of Freezing Cloud by Vehumet.
 22532 | IceCv    | Entered an ice cave
 23479 | Orc:2    | Found a staircase to the Elven Halls.
 23709 | Orc:2    | Noticed an orc warlord
 23711 | Orc:2    | Reached skill level 18 in Spellcasting
 23715 | Orc:2    | Killed an orc warlord
 23750 | Orc:2    | Reached ****** piety under Vehumet
 23750 | Orc:2    | Offered knowledge of Iskenderun's Battlesphere by Vehumet.
 24002 | Orc:1    | Learned a level 5 spell: Iskenderun's Battlesphere
 24281 | Orc:2    | Reached skill level 15 in Fire Magic
 24333 | Orc:2    | Reached XP level 15. HP: 76/76 MP: 25/39
 24505 | Orc:2    | Found Boul's General Store.
 24519 | Orc:2    | Found Peugroni's Book Boutique.
 24522 | Orc:2    | Found Moshap's Weapon Emporium.
 24525 | Orc:2    | Bought a potion of heal wounds for 75 gold pieces
 24525 | Orc:2    | Bought a scroll of teleportation for 45 gold pieces
 24532 | Orc:2    | Found Viren's Distillery.
 24810 | Orc:1    | Found a roughly hewn altar of Beogh.
 25118 | Orc:1    | Learned a level 8 spell: Ignition
 25292 | Snake:1  | Entered Level 1 of the Snake Pit
 25301 | Snake:1  | HP: 2/76 [shock serpent/bolt of electricity (35)]
 25302 | Snake:1  | Killed from afar by a shock serpent

Vault maps used:
D:1:      sevenhm_arrival_forest_fort_small_5
D:2:      uniq_terence, uniq_jessica
D:3:      minmay_wonky_spiral
D:4:      serial_shops, nicolae_shop_stone, first_bread,
          nicolae_ru_sacrificial_ziggurat, uniq_duvessa
D:5:      lemuel_round_altar, minmay_temple_entry_junction,
          nicolae_ossuary_entry_giza, tgw_xom
D:6:      uniq_sigmund, uniq_crazy_yiuf_cottage
D:7:      nicolae_qazlal_eye_of_the_storm, grunt_livestock,
          corexii_corridor_pit, minmay_misc_feat_secret_circle,
          lemuel_flamethrower_2
D:8:      grunt_temple_overflow_cloverleaf, serial_shops, shop, basic_altar
D:9:      minivault_16
D:10:     minmay_orc_entry_temple_small
D:11:     david_lair_shrubbed, enter_trove_3
Temple:   eino_temple_scatter_basement
Lair:1:   uniq_joseph, uniq_harold
Lair:2:   hangedman_what_comes_after_a, minmay_snake_entry_guardpost_medium,
          ice2_lemuel
Lair:3:   infiniplex_staircase_pool
Lair:4:   minmay_swamp_entry_swarm
Lair:5:   slime_altar_2
Lair:6:   due_jungle_book, minivault_24
Snake:1:  grunt_megastairs_2
Orc:1:    basic_altar, uniq_erica
Orc:2:    st_orc_open, portal_ice_cave_entry_imps
IceCv:    ice_cave_tombish

Skill      XL: |  1  2  3  4  5  6  7  8  9 10 11 12 13 14 |
---------------+-------------------------------------------+-----
Conjurations   | 5 6 7 8 10 11 12 14 15 16 17 | 17.2
Spellcasting   | 4 5 6 8 10 12 13 15 16 18 | 18.5
Dodging        | 3 4 5 6 |  6.5
Fighting       | 1 2 |  2.6
Fire Magic     | 4 6 10 13 15 | 15.1
Stealth        | |  2.4
Hexes          | |  0.3
Charms         | |  0.8

Action                   |  1- 3 |  4- 6 |  7- 9 | 10-12 | 13-15 || total
-------------------------+-------+-------+-------+-------+-------++-------
Melee: Dagger            |       |     1 |     2 |       |       ||     3
       Mace              |       |       |       |     2 |     8 ||    10
 Cast: Magic Dart        |    48 |    40 |    70 |    34 |    32 ||   224
       Searing Ray       |     6 |    26 |    73 |    56 |    13 ||   174
       Iskenderun's Myst |       |       |    15 |    83 |    27 ||   125
       Fulminant Prism   |       |       |    19 |    38 |     9 ||    66
       Force Lance       |       |       |     4 |    42 |     3 ||    49
       Bolt of Fire      |       |       |       |    39 |   175 ||   214
       Fireball          |       |       |       |    49 |    96 ||   145
       Iskenderun's Batt |       |       |       |       |    16 ||    16
Evoke: Wand              |       |       |       |     1 |       ||     1
  Use: Scroll            |       |       |     5 |     9 |    10 ||    24
       Potion            |       |       |     1 |    11 |       ||    12
  Eat: Chunk             |     8 |     7 |     8 |    20 |    16 ||    59
       Fruit             |       |       |     2 |     8 |     7 ||    17
       Bread ration      |       |       |       |       |     3 ||     3
Armor: Robe              |     1 |     1 |    12 |    20 |     8 ||    42
Dodge: Dodged            |     7 |    13 |    51 |    67 |    47 ||   185
